 Dungeon Crawl Stone Soup version 0.25-a0-576-g50b708a4c4 (webtiles) character file.

Game seed: 82858742908710766, levelgen mode: classic

35376 EnegeticOcto the Champion of Chaos (level 13, -1/127 HPs)
             Began as a Deep Dwarf Fighter on Mar 1, 2020.
             Was the Champion of Makhleb.
             Killed from afar by a merfolk aquamancer (26 damage)
             ... with a torrent of water
             ... on level 4 of the Shoals.
             The game lasted 00:09:04 (8951 turns).

EnegeticOcto the Champion of Chaos (DDFi)           Turns: 8951, Time: 00:09:04

Health: -1/127     AC: 21    Str: 25    XL:     13   Next: 47%
Magic:  8/8        EV:  8    Int:  9    God:    Makhleb [******]
Gold:   2504       SH: 12    Dex: 14    Spells: 12/12 levels left

rFire    . . .     SeeInvis .   a - +0 broad axe (flame)
rCold    . . .     Gourm    .   c - +0 kite shield
rNeg     . . .     Faith    .   f - +0 plate armour
rPois    .         Spirit   .   o - +2 helmet
rElec    .         Reflect  .   G - +0 cloak
rCorr    .         Harm     .   (no gloves)
MR       ++...                  l - +1 pair of boots
Stlth    ..........             L - amulet of the acrobat
HPRegen  0.00/turn              j - ring of protection from magic
MPRegen  0.11/turn              I - +4 ring of slaying {=R}

@: lethally poisoned (-1 -> -7), barbed spikes, very slightly contaminated,
non-regenerating, invisible
A: damage resistance, heal wounds, repulsion field 1, agile 1, mutation
resistance 1, sense surroundings 2, no regeneration
a: Heal Wounds, Minor Destruction, Lesser Servant of Makhleb, Major Destruction,
Greater Servant of Makhleb, Renounce Religion


You were on level 4 of the Shoals.
You worshipped Makhleb.
Makhleb was exalted by your worship.
You were not hungry.

You visited 4 branches of the dungeon, and saw 21 of its levels.
You also visited: Bailey.

You collected 2504 gold pieces.

Inventory:

Hand Weapons
 a - a +0 broad axe of flaming (weapon)
 g - a +0 war axe
 D - a +0 war axe of distortion
Armour
 c - a +0 kite shield (worn)
 f - a +0 plate armour (worn)
 l - a +1 pair of boots (worn)
 o - a +2 helmet (worn)
 s - the +1 chain mail "Pohadeymn" {*Corrode +Fly rC++ Slay+3}
   (You found it on level 7 of the Dungeon)

   It affects your accuracy and damage with ranged weapons and melee attacks
   (+3).
   It greatly protects you from cold.
   It lets you fly.
   It may corrode you when you take damage.
   If you switch to wearing this armour, your AC will decrease by 2 (21 -> 19).
 G - a +0 cloak (worn)
Jewellery
 j - a ring of protection from magic (left hand)
 I - a +4 ring of slaying (right hand) {=R}
 L - an amulet of the acrobat (around neck)
Wands
 r - a wand of digging (7) {@v2}
 t - a wand of acid (14) {@v1}
 y - a wand of iceblast (28)
 H - a wand of flame (30)
Scrolls
 b - 2 scrolls of blinking {@r3}
 d - 5 scrolls of teleportation {@r2}
 B - 3 scrolls of remove curse {@r6}
 C - a scroll of fear
Potions
 h - 2 potions of brilliance {unknown}
 k - 3 potions of might {@q3}
 m - 3 potions of resistance {@q6}
 n - a potion of haste {@q4}
 p - 2 potions of magic
 q - a potion of heal wounds {@q2}
 v - 2 potions of flight {unknown}
 w - 3 potions of lignification {@q7}
 x - a potion of mutation
 z - 4 potions of curing {unknown}
 A - 2 potions of stabbing {unknown}
 J - a potion of berserk rage
Comestibles
 e - 22 rations
 K - 10 chunks of flesh


   Skills:
 * Level 11.2 Fighting
 * Level 12.9 Axes
 + Level 9.7 Armour
 - Level 0.5 Dodging
 + Level 9.8 Shields
 * Level 14.2 Invocations


You had 12 spell levels left.
You didn't know any spells.
Your spell library was empty.

Dungeon Overview and Level Annotations

Branches:
Dungeon (14/15)            Temple (1/1) D:4            Lair (2/6) D:9
 Shoals (4/4) Lair:2       Spider (0/4) Lair:2       Vaults (0/5) D:13
 Bailey (visited)
    Orc: D:9-12

Altars:
Dithmenos
Elyvilon
Fedhas
Makhleb
Nemelex Xobeh
Qazlal
Sif Muna
Vehumet
Xom
Yredelemnul
The Shining One

Annotations:
D:7 1 runed translucent door, Flugslaktarn's ghost, novice DDFi


Innate Abilities, Weirdness & Mutations

You are resistant to damage.
You can heal yourself by infusing magical energy.
You passively map the area around you.
You do not regenerate.
You are surrounded by a mild repulsion field. (EV +2)
You are agile. (Dex +2)
You are somewhat resistant to further mutation.


Message History

The merfolk aquamancer shouts!
The merfolk shouts! x2
The merfolk impaler shouts!
The merfolk shouts!
Found a stone staircase leading up.
There is a stone staircase leading up here.
Okay, then.
A demon appears!
The merfolk throws a throwing net.
The throwing net hits you.
You become entangled in the net!
The merfolk barely misses you. The merfolk hits you with a +0 trident!
You tear a large gash into the net.
The water elemental barely misses you.
The manticore flicks its tail.
The volley of spikes hits you but does no damage.
The merfolk aquamancer completely misses you.
You struggle against the net.
The merfolk barely misses you.
The merfolk hits you from afar with a +0 trident!
The water elemental hits you.
The water elemental engulfs you in water!
The manticore flicks its tail.
The volley of spikes hits you but does no damage.
You rip the net and break free!
Your lungs strain for air!
Your green death hits the merfolk!
The merfolk aquamancer barely misses you.
The merfolk hits you but does no damage.
You block the merfolk's attack. x2; You block the water elemental's attack.
The water elemental hits you.
You cannot call out to Makhleb while unable to breathe.
You feel much better.
Your lungs strain for air!
Your green death hits the merfolk.
The merfolk aquamancer hits you with a +6 rapier of electrocution.
You block the merfolk's attack.
The merfolk hits you but does no damage.
You block the merfolk's attack.
The merfolk hits you but does no damage.
The merfolk impaler barely misses you. The water elemental hits you!
The merfolk hits you from afar with a cursed -1 trident!
The water elemental barely misses you.
The merfolk impaler hits you from afar with a +1 trident of venom.
You are poisoned.
You cannot call out to Makhleb while unable to breathe.
You cannot call out to Makhleb while unable to breathe.
You fade into invisibility!
Your lungs strain for air!
Your green death hits the merfolk!!
You block the merfolk aquamancer's attack.
You block the merfolk's attack. The merfolk barely misses you.
The merfolk hits you from afar with a +0 trident.
The merfolk hits you but does no damage.
The water elemental hits you.
The merfolk impaler hits you from afar with a +1 trident of venom.
You are more poisoned.
The merfolk barely misses you. You block the water elemental's attack.
You are very lightly contaminated with residual magic.
You hit the water elemental. You burn the water elemental.
The water elemental is lightly damaged.
You hit the water elemental but do no damage.
You slash the merfolk aquamancer! You burn the merfolk aquamancer.
You hit the merfolk. You burn the merfolk.
Your lungs strain for air!
Your green death hits the merfolk!
The merfolk dies!
Makhleb accepts your kill.
You hear a splash.
The merfolk impaler barely misses you.
The merfolk aquamancer hits you but does no damage.
You block the merfolk's attack. The water elemental hits you.
You block the merfolk's attack. You block the water elemental's attack.
The merfolk impaler hits you from afar with a +1 trident of venom.
You are more poisoned.
You barely miss the water elemental.
The water elemental is lightly damaged.
You catch the helpless water elemental completely off-guard!
You slice the water elemental!! You burn the water elemental.
You slash the merfolk aquamancer! You burn the merfolk aquamancer.
Your lungs strain for air!
You feel very sick.
The manticore flicks its tail.
The volley of spikes hits you but does no damage.
Your green death hits the water elemental!!
You block the water elemental's attack.
The merfolk aquamancer hits you with a +6 rapier of electrocution!
* * * LOW HITPOINT WARNING * * *
The merfolk hits you but does no damage. x2
You block the merfolk impaler's attack. The water elemental hits you.
The manticore flicks its tail.
The volley of spikes hits you!
The barbed spikes become lodged in your body.
* * * LOW HITPOINT WARNING * * *
Your green death barely misses the water elemental.
You strike the helpless water elemental from behind!
You slash the water elemental! You burn the water elemental.
You destroy the water elemental!
Makhleb accepts your kill.
You feel better.
You gasp with relief as air once again reaches your lungs.
You hit the merfolk aquamancer but do no damage.
Your shield and plate armour prevent you from hitting the water elemental.
You feel sick.
The merfolk aquamancer gestures at you while chanting.
The torrent of water hits you!!
You die...

,,≈ , ,, ** ≈
≈≈≈≈≈≈≈.....###
,, , ≈
≈≈≈≈≈≈≈.≈......,*
, ≈ ≈≈ ,
≈.≈≈≈≈≈≈≈≈≈....,
* ,
≈≈≈≈≈≈≈≈≈≈≈≈...
≈≈≈≈≈≈≈≈H≈m≈≈...
, , ,
,..≈≈≈m≈m≈m≈≈≈..
,
,..≈≈≈≈E≈≈≈≈≈≈..
≈ , , ,
...≈≈≈m@2≈≈≈≈≈. ≈
,,
,..≈≈≈≈≈)≈≈≈≈###*
≈ ≈, ,,
...≈≈m≈≈≈≈≈## ,*
≈ ....≈≈≈≈≈≈≈# ,
≈ * ≈,
...≈≈≈≈^≈≈≈+ ,*
≈≈ *≈ ,
..≈≈≈≈≈≈≈≈≈# *
.≈.≈≈≈≈≈≈≈≈# , ,
≈≈<≈≈≈≈≈≈≈≈≈ * ≈
≈ ≈ ≈ ≈


You could see a merfolk impaler, a merfolk aquamancer, 4 merfolk, a manticore, a
water elemental and a friendly green death.

Vanquished Creatures
  An ironheart preserver (D:13)
  Snorg (D:11)
  A merfolk aquamancer (Shoals:1)
  A centaur warrior (D:13)
  A two-headed ogre (D:9)
  2 tengu warriors
  Nergalle (D:11)
  A sea snake (Shoals:1)
  3 unseen horrors
  3 harpies (Shoals:2)
  2 cyclopes
  3 ugly things (D:13)
  2 orc knights (Bailey)
  2 manticores
  6 fauns (Shoals:1)
  2 centaur zombies
  An elephant (D:9)
  2 merfolk sirens (Shoals:1)
  Psyche (D:9)
  2 komodo dragons (Lair:2)
  5 merfolk
  A wind drake (Shoals:1)
  2 hornets
  5 hippogriffs
  4 slime creatures (D:13)
  A snapping turtle (Shoals:1)
  A wraith (D:12)
  A spriggan (D:8)
  5 water elementals
  26 yaks
  2 basilisks
  A vampire (D:13)
  3 hungry ghosts
  An acid dragon (D:14)
  3 water moccasins
  12 orc warriors
  2 porcupines
  3 sky beasts
  An eye of draining (D:13)
  4 ice beasts
  2 phantoms
  4 ogres
  A black bear (D:8)
  18 centaurs
  5 wolves (Lair:2)
  2 crocodiles
  2 big kobolds
  7 bullfrogs
  3 scorpions
  4 killer bees (D:8)
  9 wights
  4 howler monkeys
  2 crimson imps
  A bullfrog zombie (D:9)
  2 jellies
  A quasit (D:11)
  5 hounds
  17 orc wizards
  A gnoll shaman (D:4)
  7 orc priests
  4 centaur skeletons
  A bullfrog skeleton (D:13)
  3 iguanas
  Natasha (thrice) (D:2)
  6 worker ants
  A killer bee zombie (D:6)
  A hound skeleton (D:10)
  2 worker ant zombies
  22 gnolls
  A howler monkey skeleton (D:9)
  10 adders
  2 shadow imps
  An adder skeleton (D:4)
  4 adder zombies
  4 worms
  A dart slug (D:1)
  2 leopard geckos
  45 orcs
  4 giant cockroaches
  4 goblins
  3 hobgoblins
  2 jackals (D:8)
  3 quokkas
  4 bats
  5 frilled lizards
  A jackal skeleton (D:9)
  19 kobolds
  2 leopard gecko skeletons
  2 rats
  3 plants (Lair:2)
383 creatures vanquished.

Vanquished Creatures (collateral kills)
  A centaur warrior (D:14)
  A merfolk (Shoals:4)
  A hungry ghost (D:13)
3 creatures vanquished.

Vanquished Creatures (others)
  2 fungi (D:9)
2 creatures vanquished.

Grand Total: 388 creatures vanquished

Notes
Turn   | Place    | Note
-------+----------+-------------------------------------------
     0 | D:1      | EnegeticOcto the Deep Dwarf Fighter began the quest for the
                  | Orb.
     0 | D:1      | Reached XP level 1. HP: 20/20 MP: 1/1
   116 | D:1      | Reached XP level 2. HP: 22/27 MP: 2/2
   220 | D:2      | Noticed Natasha
   230 | D:2      | Killed Natasha
   230 | D:2      | Reached XP level 3. HP: 17/34 MP: 3/3
   258 | D:2      | Noticed Natasha
   270 | D:2      | Killed Natasha
   270 | D:2      | Reached XP level 4. HP: 24/42 MP: 4/4
   340 | D:2      | Found a basalt altar of Yredelemnul.
   384 | D:2      | Noticed Natasha
   446 | D:2      | Killed Natasha
   479 | D:2      | Reached XP level 5. HP: 37/50 MP: 4/4
   766 | D:4      | Noticed an ogre
   775 | D:4      | Killed an ogre
   891 | D:4      | Reached XP level 6. HP: 32/57 MP: 5/5
   897 | D:4      | Found a staircase to the Ecumenical Temple.
   938 | Temple   | Entered the Ecumenical Temple
   979 | Temple   | Became a worshipper of Makhleb the Destroyer
  1184 | D:4      | Reached skill level 1 in Invocations
  1575 | D:5      | Entered Level 5 of the Dungeon
  1677 | D:5      | Found a shimmering altar of Xom.
  1682 | D:5      | Noticed a sky beast
  1696 | D:5      | Killed a sky beast
  1696 | D:5      | Reached skill level 2 in Invocations
  1696 | D:5      | Reached XP level 7. HP: 54/66 MP: 4/4
  1944 | D:5      | Reached skill level 5 in Axes
  2004 | D:6      | Reached skill level 3 in Invocations
  2033 | D:6      | Reached skill level 5 in Fighting
  2142 | D:6      | Found a sparkling altar of Nemelex Xobeh.
  2245 | D:6      | Reached skill level 5 in Shields
  2257 | D:6      | Reached * piety under Makhleb
  2257 | D:6      | Reached skill level 4 in Invocations
  2311 | D:6      | Reached XP level 8. HP: 51/74 MP: 4/4
  2438 | D:6      | Reached skill level 5 in Armour
  2488 | D:6      | You fall into a shaft and drop 2 floors!
  2561 | D:7      | Reached skill level 5 in Invocations
  3100 | D:7      | Noticed a hippogriff
  3111 | D:7      | Killed a hippogriff
  3111 | D:7      | Reached skill level 6 in Invocations
  3165 | D:7      | Got a crude chain mail
  3176 | D:7      | Identified the +1 chain mail "Pohadeymn" {*Corrode +Fly
                  | rC++ Slay+3} (You found it on level 7 of the Dungeon)
  3362 | D:7      | Found a radiant altar of Vehumet.
  3362 | D:7      | Found a blossoming altar of Fedhas.
  3375 | D:7      | Found a runed translucent door.
  3377 | D:7      | Noticed Flugslaktarn's ghost (novice DDFi)
  3514 | D:8      | Gained mutation: You passively map the area around you.
                  | [Deep Dwarf growth]
  3514 | D:8      | Reached XP level 9. HP: 65/82 MP: 6/6
  3526 | D:8      | Reached ** piety under Makhleb
  3740 | D:8      | Reached skill level 7 in Invocations
  4143 | D:8      | Found a shadowy altar of Dithmenos.
  4158 | D:8      | Found a stormy altar of Qazlal.
  4225 | D:9      | Noticed a two-headed ogre
  4234 | D:9      | Killed a two-headed ogre
  4234 | D:9      | Reached skill level 8 in Invocations
  4306 | D:9      | Reached *** piety under Makhleb
  4316 | D:9      | Reached XP level 10. HP: 86/94 MP: 9/9
  4361 | D:9      | Found a staircase to the Lair.
  4383 | D:9      | Noticed an elephant
  4385 | D:9      | Reached skill level 9 in Invocations
  4399 | D:9      | Killed an elephant
  4500 | D:9      | Found a white marble altar of Elyvilon.
  4584 | D:9      | Noticed Psyche
  4589 | D:9      | Killed Psyche
  4629 | D:9      | Found a shimmering blue altar of Sif Muna.
  4900 | D:10     | Entered Level 10 of the Dungeon
  4918 | D:10     | Reached **** piety under Makhleb
  5029 | D:10     | Killed an unseen horror
  5029 | D:10     | Reached skill level 10 in Invocations
  5538 | D:10     | Reached XP level 11. HP: 86/104 MP: 10/10
  5550 | D:10     | Reached skill level 10 in Axes
  5715 | D:11     | Found a radiant altar of Vehumet.
  5836 | D:11     | Noticed Snorg
  5848 | D:11     | Killed Snorg
  5860 | D:11     | Noticed Nergalle
  5904 | D:11     | Killed Nergalle
  5904 | D:11     | Reached skill level 11 in Invocations
  6351 | D:11     | Reached ***** piety under Makhleb
  6377 | D:11     | You fall into a shaft and drop 3 floors!
  6453 | D:14     | Noticed a centaur warrior
  6460 | D:14     | Killed a centaur warrior
  6515 | D:14     | Killed an unseen horror
  6857 | D:14     | Reached XP level 12. HP: 76/115 MP: 11/11
  6864 | D:14     | Noticed a tengu warrior
  6876 | D:14     | Killed a tengu warrior
  6876 | D:14     | Reached skill level 12 in Invocations
  6996 | D:13     | Noticed a tengu warrior
  7018 | D:13     | Killed a tengu warrior
  7305 | D:13     | Found a flagged portal.
  7314 | Bailey   | Entered a bailey
  7352 | Bailey   | Reached skill level 10 in Fighting
  7590 | D:13     | Gained mutation: You are somewhat resistant to further
                  | mutation. [potion of mutation]
  7590 | D:13     | Gained mutation: You are agile. (Dex +2) [potion of
                  | mutation]
  7590 | D:13     | Gained mutation: You are surrounded by a mild repulsion
                  | field. (EV +2) [potion of mutation]
  7751 | D:13     | Found a gate to the Vaults.
  7751 | D:13     | Noticed an ironheart preserver
  7766 | D:13     | Killed an ironheart preserver
  7766 | D:13     | Reached skill level 13 in Invocations
  8106 | D:13     | Noticed a centaur warrior
  8112 | D:13     | Killed a centaur warrior
  8301 | Lair:1   | Entered Level 1 of the Lair of Beasts
  8373 | Lair:2   | Found a hole to the Spider Nest.
  8380 | Lair:2   | Reached ****** piety under Makhleb
  8465 | Lair:2   | Found a staircase to the Shoals.
  8537 | Lair:2   | Reached XP level 13. HP: 81/124 MP: 12/12
  8620 | Shoals:1 | Entered Level 1 of the Shoals
  8846 | Shoals:1 | Reached skill level 14 in Invocations
  8942 | Shoals:4 | Entered Level 4 of the Shoals
  8942 | Shoals:4 | Noticed a merfolk impaler
  8951 | Shoals:4 | Killed from afar by a merfolk aquamancer

Levels and vault maps discovered:
D:1:      nagdon_arrival_zigzag_paths, layout_basic,
          wander_ebering_terrifying_dragon_lair
D:2:      layout_basic, lemuel_coloured_pillars_altar, corexii_corridor_pit,
          grunt_decor_arrowhead, grunt_ministairs_7, uniq_natasha
D:3:      layout_loops_ring, uniq_grinder, uniq_terence
D:4:      layout_basic, temple_pool_b, first_ration
D:5:      layout_rooms, xom_teletrap_fun
D:6:      layout_basic, nemelex_xobeh_ov_fountains_minmay
D:7:      layout_loops_ring, gammafunk_temple_overflow_elements,
          ebering_ghost_inner_flame
D:8:      layout_basic, nicolae_qazlal_eye_of_the_storm, the_bakery,
          grunt_dithmenos_smoke_and_mirrors
D:9:      layout_irregular_city, lemuel_round_altar, lemuel_blue_sif_altar,
          david_lair_generic, uniq_psyche
D:10:     layout_basic, hangedman_corner_corridor
D:11:     layout_irregular_city, basic_altar, chequers_serial_rivers_room_a,
          uniq_nergalle, uniq_snorg
D:12:     layout_cave_pods, orc_0_dummy, gammafunk_ghost_grave, uniq_erolcha
D:13:     layout_roguey, skrybe_vaults_entry_preservation, enter_bailey_8
D:14:     layout_rooms, kennysheep_cluttered_room
Temple:   minmay_temple_curvy_branch
Lair:1:   layout_cave_pods, uniq_sonja, uniq_gastronok
Lair:2:   layout_regular_city, minmay_shoals_entry_centaurs,
          nicolae_spider_entry_non_spiders, chequers_serial_rivers_room_a,
          gammafunk_lair_bear_cave
Shoals:1: layout_shoals
Shoals:2: layout_shoals, serial_shops, shop
Shoals:3: layout_shoals
Shoals:4: shoals_end_simple, layout_shoals, serial_shops,
          nicolae_shop_behind_doors

Skill      XL: |  1  2  3  4  5  6  7  8  9 10 11 12 13 |
---------------+----------------------------------------+-----
Fighting       | 3 4 5 6 7 8 9 10 11 | 11.2
Axes           | 3 4 5 7 8 9 11 12 | 12.9
Armour         | 4 5 6 7 8 9 |  9.7
Shields        | 4 5 6 7 8 9 |  9.8
Invocations    | 2 4 6 8 10 11 13 14 | 14.2
Dodging        | |  0.5

Action                   |  1- 3 |  4- 6 |  7- 9 | 10-12 | 13-15 || total
-------------------------+-------+-------+-------+-------+-------++-------
Melee: War axe           |    35 |   181 |    12 |       |       ||   228
       Broad axe         |       |       |   360 |   698 |   131 ||  1189
Invok: Lesser Servant of |       |       |       |     3 |       ||     3
       Greater Servant o |       |       |       |       |     1 ||     1
 Abil: Heal Wounds       |     1 |    10 |    11 |    19 |    17 ||    58
       Evoke Flight      |       |       |       |     1 |       ||     1
  Use: Scroll            |       |       |    13 |    10 |     2 ||    25
       Potion            |       |       |       |     1 |     1 ||     2
 Stab: Distracted        |       |       |       |     1 |       ||     1
       Invisible         |       |       |       |       |     2 ||     2
  Eat: Chunk             |       |     3 |     9 |    19 |     2 ||    33
       Ration            |       |       |       |     2 |       ||     2
Armor: Scale mail        |    14 |    89 |    15 |       |       ||   118
       Plate armour      |       |       |   146 |       |    45 ||   191
       Chain mail        |       |       |   121 |   571 |    38 ||   730
Dodge: Dodged            |    10 |    57 |   113 |   216 |    70 ||   466
Block: Kite shield       |    18 |   111 |   266 |   517 |   126 ||  1038

Table legend:
 A = Non-vault XP
 B = Vault XP
 C = Vault XP percentage of total XP
 D = Non-vault monster count
 E = Vault monster count
 F = Vault count percentage of total count
                 A         B        C        D         E       F
            +---------+---------+-------+---------+---------+-------
      Total |   40825 |    9713 |  19.2 |     327 |      56 |  14.6
            +---------+---------+-------+---------+---------+-------
        D:1 |      23 |       0 |   0.0 |       6 |       0 |   0.0
        D:2 |     146 |      49 |  25.1 |      21 |       3 |  12.5
        D:3 |       4 |       0 |   0.0 |       2 |       0 |   0.0
        D:4 |     331 |       0 |   0.0 |      17 |       0 |   0.0
        D:5 |     334 |       0 |   0.0 |       8 |       0 |   0.0
        D:6 |     637 |       0 |   0.0 |      14 |       0 |   0.0
        D:7 |    1121 |       0 |   0.0 |      23 |       0 |   0.0
        D:8 |    1378 |     211 |  13.3 |      31 |       1 |   3.1
        D:9 |    3123 |    1434 |  31.5 |      36 |       5 |  12.2
       D:10 |    3583 |       0 |   0.0 |      36 |       0 |   0.0
       D:11 |    3693 |    1917 |  34.2 |      37 |       2 |   5.1
       D:12 |    1100 |       0 |   0.0 |      11 |       0 |   0.0
       D:13 |    5796 |    3342 |  36.6 |      19 |       9 |  32.1
       D:14 |    5110 |       0 |   0.0 |      21 |       0 |   0.0
     Lair:1 |    1194 |       0 |   0.0 |       7 |       0 |   0.0
     Lair:2 |    1671 |     723 |  30.2 |      10 |      11 |  52.4
   Shoals:1 |    8538 |       0 |   0.0 |      20 |       0 |   0.0
   Shoals:2 |    1882 |       0 |   0.0 |       3 |       0 |   0.0
   Shoals:3 |     850 |       0 |   0.0 |       3 |       0 |   0.0
   Shoals:4 |     311 |       0 |   0.0 |       2 |       0 |   0.0
     Bailey |       0 |    2037 | 100.0 |       0 |      25 | 100.0
            +---------+---------+-------+---------+---------+-------
